 Dungeon Crawl Stone Soup version 0.29-a0-275-g389c0b56f3 (webtiles) character file.

Game seed: 15720287170820787084

207 ders the Digger (level 5, 0/28 HPs)
             Began as a Gargoyle Earth Elementalist on Mar 9, 2022.
             Slain by an orc
             ... wielding a +0 mace
              (6 damage)
             ... on level 2 of the Dungeon.
             The game lasted 00:02:39 (2658 turns).

ders the Digger (Gargoyle Earth Elementalist)       Turns: 2658, Time: 00:02:39

Health: 0/28       AC:  7    Str: 12    XL:     5   Next: 85%
Magic:  0/10       EV: 11    Int: 17    God:
Gold:   145        SH:  0    Dex: 10    Spells: 6/10 levels left

rFire   . . .      SeeInvis .   d - +0 dagger
rCold   . . .      Faith    .   (no shield)
rNeg    + . .      Spirit   .   b - +0 robe
rPois   ∞          Reflect  .   (no helmet)
rElec   +          Harm     .   n - +0 cloak
rCorr   .          Rampage  .   (no gloves)
Will    .....                   (no boots)
Stlth   ++........              (no amulet)
HPRegen 0.09/turn               (no ring)
MPRegen 0.12/turn               (no ring)

@: no status effects
A: sickness immunity, AC +4, negative energy resistance 1, electricity
resistance, torment resistance 1, petrification resistance
a: no special abilities


You were on level 2 of the Dungeon.
You visited 1 branch of the dungeon, and saw 3 of its levels.

You collected 145 gold pieces.

Inventory:

Hand Weapons
 d - a +0 dagger (weapon)
Missiles
 a - 44 stones
Armour
 b - a +0 robe (worn)
 n - a +0 cloak (worn)
Jewellery
 f - a ring of fire
Scrolls
 g - a scroll of fog {unknown}
 i - a scroll of identify {unknown}
 j - a scroll of noise {unknown}
 m - a scroll of teleportation {unknown}
Potions
 e - 2 potions of curing
 h - a potion of might {unknown}
 k - a potion of invisibility {unknown}
 l - 2 potions of degeneration {unknown}


   Skills:
 - Level 1.5 Dodging
 - Level 2.1 Stealth
 + Level 3.4 Spellcasting
 + Level 3.2 Conjurations
 - Level 0.7 Transmutations
 + Level 5.2 Earth Magic


You had 6 spell levels left.
You knew the following spells:

 Your Spells              Type           Power      Damage    Failure   Level
a - Sandblast             Erth           40%        2d10      1%          1
b - Stone Arrow           Conj/Erth      34%        3d9       9%          3

Your spell library contained the following spells:

 Spells                   Type           Power      Damage    Failure   Level
 Passwall                 Tmut/Erth      10%        N/A       8%          2
 Petrify                  Tmut/Erth      13%        N/A       43%         4


Dungeon Overview and Level Annotations

Branches:
Dungeon (3/15)

Altars:


Innate Abilities, Weirdness & Mutations

You are immune to sickness and miasma.
Your stone body is resilient. (AC +4)
You are immune to poison.
You resist negative energy. (rN+)
You are resistant to electric shocks. (rElec)
You are resistant to unholy torment.
You are immune to petrification.


Message History

You miscast Stone Arrow.
You are very lightly contaminated with residual magic.
Nothing appears to happen.
The orc hits you but does no damage.
Casting: Stone Arrow (quite dangerous; 9% risk of failure)
Confirm with . or Enter, or press ? or * to list all spells.
Aiming: Sandblast (safe; 1% risk of failure)
Press: ? - help, Shift-Dir - straight line, f/p - orc
Aim: an orc, wielding a +0 mace and wearing a +0 chain mail (86% to hit)
The blast of sand hits the orc.
The orc is lightly wounded.
The orc hits you with a +0 mace.
* * * LOW HITPOINT WARNING * * *
Unknown command.
The orc attacks as you move away! The orc misses you.
The orc attacks as you move away! The orc hits you but does no damage.
A rat comes into view.
The orc barely misses you.
There is a stone staircase leading up here.
The orc closely misses you. x2
You climb upwards.
Your magical contamination has completely faded away.
There is a stone staircase leading down here.
Casting: Sandblast (safe; 1% risk of failure)
Confirm with . or Enter, or press ? or * to list all spells.
Aiming: Sandblast (safe; 1% risk of failure)
Press: ? - help, Shift-Dir - straight line, f - orc
Aim: an orc, wielding a +0 flail (81% to hit)
The blast of sand hits the orc!
You kill the orc!
The orc closely misses you.
Unknown command.
Casting: Sandblast (safe; 1% risk of failure)
Confirm with . or Enter, or press ? or * to list all spells.
Aiming: Sandblast (safe; 1% risk of failure)
Press: ? - help, Shift-Dir - straight line, f - orc
Aim: an orc, wielding a +0 mace and wearing a +0 chain mail (lightly wounded, 86% to hit)
The blast of sand hits the orc but does no damage.
The orc is lightly wounded.
The orc hits you with a +0 mace.
You die...

....######..# ###...###
...## ##.# ##..## ##.#
#.#### #...# #.#
#...)###.#.## ##.#
##..........# ...#
######........#>#
##.####.............#.#
.#......#####..)......###
......##### #...@o..#...#
####......#
#####..####.##
#....#.########.# #...#
##.#........###.# #...#
#..#..####..##.###...#
##..#.# ##..#....####
##...## ##......# ###..#
###....# ##.# #....#


You could see an orc.

Vanquished Creatures
  A scorpion (D:3)
  2 orc priests (D:3)
  2 adders (D:2)
  4 dart slugs
  2 orcs
  6 ball pythons
  4 endoplasms
  4 giant cockroaches
  6 goblins
  6 hobgoblins
  5 jackals
  A quokka (D:2)
  6 bats
  5 frilled lizards
  7 kobolds
  2 rats
63 creatures vanquished.

Notes
Turn   | Place    | Note
-------+----------+-------------------------------------------
     0 | D:1      | ders the Gargoyle Earth Elementalist began the quest for
                  | the Orb.
     0 | D:1      | Reached XP level 1. HP: 10/10 MP: 3/3
   104 | D:1      | Reached XP level 2. HP: 15/15 MP: 1/5
   182 | D:1      | Reached skill level 1 in Conjurations
   315 | D:1      | Reached skill level 4 in Earth Magic
   699 | D:1      | Reached XP level 3. HP: 19/19 MP: 4/6
  1784 | D:2      | Reached XP level 4. HP: 24/24 MP: 5/8
  1788 | D:2      | Learned a level 3 spell: Stone Arrow
  2120 | D:2      | Found a faded altar of an unknown god.
  2533 | D:3      | Noticed a scorpion
  2538 | D:3      | Killed a scorpion
  2539 | D:3      | Reached skill level 5 in Earth Magic
  2539 | D:3      | Reached XP level 5. HP: 28/28 MP: 3/9
  2658 | D:2      | Slain by an orc

Illustrated notes

Levels and vault maps discovered:
D:1:      dpeg_arrival_solitude, layout_basic, grunt_decor_resistance
D:2:      layout_rooms, chequers_ecumenical_altar_simple,
          hangedman_abyss_or_decor_stabs, minmay_misc_feat_diagonals,
          minmay_three_crescents
D:3:      layout_basic, dreamdust_divine_triumvirate, palyth_stone_intersect,
          minmay_misc_feat_tiny

Skill      XL: |  1  2  3  4  5 |
---------------+----------------+-----
Conjurations   | 1 2 3 |  3.2
Earth Magic    | 4 5 |  5.2
Spellcasting   | 3 |  3.4
Dodging        | |  1.5
Stealth        | |  2.1
Transmutations | |  0.7

Action                   |  1- 3 |  4- 6 || total
-------------------------+-------+-------++-------
Melee: Dagger            |    22 |     8 ||    30
       Punch             |       |     1 ||     1
 Cast: Sandblast         |    56 |    34 ||    90
       Stone Arrow       |       |     6 ||     6
  Use: Potion            |       |     2 ||     2
Armor: Robe              |    36 |    11 ||    47
Dodge: Dodged            |    43 |    24 ||    67

Table legend: (Time is in decaauts)
 A = Elapsed time spent in this place.
 B = Non-inter-level travel time spent in this place.
 C = Inter-level travel time spent in this place.
 D = Time resting spent in this place.
 E = Time spent auto-exploring this place.
 F = Levels seen in this place.
 G = Mean time per level.
                   A        B        C        D        E       F      G
               +--------+--------+--------+--------+--------+-----+--------+
         Total |   2658 |   2585 |     73 |    396 |   1868 |   3 |  886.0 |
       Dungeon |   2658 |   2585 |     73 |    396 |   1868 |   3 |  886.0 |
               +--------+--------+--------+--------+--------+-----+--------+

Top non-repeatable levels by time:
     D:1: 1521 daAuts
     D:2: 869 daAuts
     D:3: 267 daAuts
